 Dungeon Crawl Stone Soup version 0.29.0-5-ge4962eb29e (webtiles) character file.

Game seed: 13661526397011409201

15165 Persephone the Impaler (level 11, -15/92 HPs)
             Began as a Minotaur Berserker on Aug 29, 2022.
             Was an Elder of Trog.
             Demolished by a komodo dragon (18 damage)
             ... on level 1 of the Lair of Beasts.
             The game lasted 00:18:50 (10713 turns).

Persephone the Impaler (Minotaur Berserker)        Turns: 10713, Time: 00:18:50

Health: -15/92     AC: 16    Str: 25    XL:     11   Next: 98%
Magic:  10/10      EV: 11    Int:  4    God:    Trog [****..]
Gold:   543        SH:  5    Dex: 11    Spells: 10/10 levels left

rFire   + . .      SeeInvis .   n - +2 halberd (flame)
rCold   . . .      Faith    .   (shield currently unavailable)
rNeg    . . .      Spirit   .   G - +1 scale mail of Surprise {rElec}
rPois   +          Reflect  +   k - +2 hat
rElec   +          Harm     .   q - +0 cloak
rCorr   .          Rampage  .   y - +0 pair of gloves
Will    ++...                   E - +1 pair of boots
Stlth   ..........              v - amulet of reflection
HPRegen 1.25/turn               z - ring of poison resistance
MPRegen 0.12/turn               x - ring of protection from fire

@: strong-willed, on berserk cooldown, regenerating, slowed, very slow
A: horns 2, retaliatory headbutt
a: Renounce Religion, Berserk, Trog's Hand, Brothers in Arms


You were on level 1 of the Lair of Beasts.
You worshipped Trog.
Trog was greatly pleased with you.
You visited 2 branches of the dungeon, and saw 11 of its levels.

You collected 543 gold pieces.

Inventory:

Hand Weapons
 l - a +0 glaive of venom
 n - a +2 halberd of flaming (weapon)
Missiles
 a - 4 throwing nets
Armour
 k - a +2 hat (worn)
 q - a +0 cloak (worn)
 y - a +0 pair of gloves (worn)
 E - a +1 pair of boots (worn)
 G - the +1 scale mail of Surprise (worn) {rElec}
   (You found it on level 8 of the Dungeon)

   rElec:     It insulates you from electricity.
Jewellery
 m - a ring of see invisible
 v - an amulet of reflection (around neck)
 x - a ring of protection from fire (right hand)
 z - a ring of poison resistance (left hand)
 I - an amulet of faith
 K - the ring of Ephemeral Luck {rF- Str+6 Dex+6 Stlth+}
   (You found it on level 9 of the Dungeon)

   [ring of dexterity]

   Str:       It affects your strength (+6).
   Dex:       It affects your dexterity (+6).
   rF:        It makes you vulnerable to fire.
   Stlth:     It makes you more stealthy.
 M - a ring of flight
 O - the amulet "Mixip" {Acrobat Int+4}
   (You found it on level 10 of the Dungeon)

   [amulet of the acrobat]

   It increases your evasion while moving and waiting.
   Int:       It affects your intelligence (+4).
 Q - a +6 ring of dexterity
Wands
 g - a wand of charming (10)
 i - a wand of mindburst (5)
 r - a wand of roots (10)
 w - a wand of flame (21)
Scrolls
 b - 2 scrolls of teleportation
 j - 2 scrolls of enchant armour
 s - a scroll of magic mapping {unknown}
 t - 5 scrolls of fog
 F - 3 scrolls of identify
 J - a scroll of brand weapon
Potions
 c - 6 potions of heal wounds
 d - a potion of brilliance
 e - 4 potions of flight
 f - 2 potions of curing
 h - 2 potions of attraction
 o - 4 potions of mutation
 p - 2 potions of ambrosia
 u - a potion of magic
 A - 2 potions of lignification {unknown}
 B - a potion of might
 C - 2 potions of cancellation
 H - 2 potions of degeneration
 P - a potion of resistance


   Skills:
 + Level 7.5 Fighting
 - Level 20.0 Polearms
 * Level 9.7 Armour
 - Level 2.1 Dodging


You had 10 spell levels left.
You didn't know any spells.
Your spell library was empty.

Dungeon Overview and Level Annotations

Branches:
Dungeon (11/15)            Temple (0/1) D:6            Lair (1/5) D:8
    Orc (0/2) D:9

Altars:
Fedhas
Makhleb
Xom
The Shining One

Shops:
D:7 =   D:10 [


Innate Abilities, Weirdness & Mutations

You have a pair of horns on your head.
You reflexively headbutt those who attack you in melee.


Message History

The cane toad barely misses you. The cane toad stings you!
* * * LOW HITPOINT WARNING * * *
The cane toad stings you.
* * * LOW HITPOINT WARNING * * *
The cane toad stings you but does no damage.
The komodo dragon bites you!!
* * * LOW HITPOINT WARNING * * *
You turn to flesh and can move again.
You hit the cane toad but do no damage. The cane toad stings you.
* * * LOW HITPOINT WARNING * * *
You are lethally poisoned!
The cane toad poisons you!
The komodo dragon bites you but does no damage.
You block the cane toad's attack.
You feel much better.
You feel extremely sick.
The komodo dragon bites you but does no damage.
The cane toad closely misses you. The komodo dragon bites you.
* * * LOW HITPOINT WARNING * * *
You feel much better.
You feel very sick. The cane toad stings you!
* * * LOW HITPOINT WARNING * * *
You are more poisoned.
The cane toad poisons you! You block the cane toad's attack.
The komodo dragon closely misses you. You furiously retaliate!
You headbutt the komodo dragon. You slash the cane toad!
You burn the cane toad.
The cane toad is moderately wounded.
You feel extremely sick. The cane toad stings you.
* * * LOW HITPOINT WARNING * * *
The komodo dragon bites you!
* * * LOW HITPOINT WARNING * * *
The cane toad barely misses you.
You feel better. The komodo dragon bites you!!
* * * LOW HITPOINT WARNING * * *
You block the cane toad's attack. The komodo dragon bites you!!
You die...

#..............
#..............
..P............
...............
...............
...............
...............
.......@F....#
.......l......#
#...........###
#...........#
#............#
.............#
............##
............#


You could see a komodo dragon and a cane toad.

Vanquished Creatures
  3 two-headed ogres
  A cyclops (D:11)
  2 manticores (D:7)
  A komodo dragon (Lair:1)
  2 trolls
  3 hornets
  Grinder (D:4)
  3 wyverns (D:8)
  25 yaks
  A shadow (D:10)
  2 wraiths
  3 vampires
  2 steam dragons
  Edmund (D:4)
  5 water moccasins
  4 orc warriors
  2 sky beasts
  An ice beast (D:7)
  2 ogres
  7 black bears
  4 centaurs
  4 phantoms
  4 kobold brigands
  A wyvern zombie (D:6)
  10 bullfrogs
  A scorpion (D:6)
  2 gnoll sergeants
  2 wights
  A wyvern skeleton (D:6)
  5 killer bees
  10 howler monkeys
  2 bullfrog zombies (D:6)
  2 hounds
  Crazy Yiuf (D:2)
  A gnoll bouda (D:4)
  3 orc priests
  3 jellies
  2 bullfrog skeletons (D:6)
  4 iguanas
  Terence (D:3)
  8 orc wizards
  2 howler monkey zombies (D:6)
  18 gnolls
  6 adders
  2 shadow imps
  An ufetubus (D:7)
  2 worms (D:3)
  2 dart slugs
  22 orcs
  6 endoplasms
  5 giant cockroaches
  8 hobgoblins
  4 quokkas
  9 ball pythons
  9 bats
  5 frilled lizards
  7 goblins
  3 kobolds
  5 rats
258 creatures vanquished.

Vanquished Creatures (others)
  3 fungi (D:8)
  13 plants (D:8)
16 creatures vanquished.

Grand Total: 274 creatures vanquished

Notes
Turn   | Place    | Note
-------+----------+-------------------------------------------
     0 | D:1      | Persephone the Minotaur Berserker began the quest for the
                  | Orb.
     0 | D:1      | Reached XP level 1. HP: 19/19 MP: 0/0
    60 | D:1      | Reached skill level 4 in Polearms
   170 | D:1      | Reached XP level 2. HP: 26/26 MP: 1/1
   533 | D:1      | Reached skill level 5 in Polearms
   552 | D:1      | Reached ** piety under Trog
   573 | D:1      | Reached XP level 3. HP: 23/31 MP: 2/2
  1494 | D:2      | Found a faded altar of an unknown god.
  1876 | D:2      | Found a runed translucent door.
  1877 | D:2      | Noticed Crazy Yiuf
  1883 | D:2      | Killed Crazy Yiuf
  1884 | D:2      | Reached skill level 6 in Polearms
  1884 | D:2      | Reached XP level 4. HP: 39/39 MP: 3/3
  1888 | D:2      | Identified the +3 hammer "Voaxzili" {antimagic, rPois rC+
                  | rCorr}
  2322 | D:3      | Noticed Terence
  2330 | D:3      | Killed Terence
  2364 | D:3      | Reached skill level 7 in Polearms
  2364 | D:3      | Reached XP level 5. HP: 43/45 MP: 4/4
  2678 | D:4      | Noticed Edmund
  2693 | D:4      | Killed Edmund
  2694 | D:4      | Reached skill level 8 in Polearms
  2694 | D:4      | Reached XP level 6. HP: 51/51 MP: 5/5
  2902 | D:4      | Reached skill level 9 in Polearms
  2983 | D:4      | Noticed Grinder
  3006 | D:4      | Killed Grinder
  3007 | D:4      | Reached XP level 7. HP: 57/57 MP: 6/6
  3035 | D:4      | Reached skill level 10 in Polearms
  3402 | D:4      | Found a shimmering altar of Xom.
  3403 | D:4      | Found a blossoming altar of Fedhas.
  3756 | D:4      | Reached *** piety under Trog
  3759 | D:4      | Reached skill level 11 in Polearms
  3841 | D:4      | You fall into a shaft and drop 2 floors!
  3860 | D:6      | Reached XP level 8. HP: 64/64 MP: 7/7
  3869 | D:6      | Reached skill level 12 in Polearms
  3930 | D:6      | Reached skill level 13 in Polearms
  4657 | D:6      | Found a staircase to the Ecumenical Temple.
  5124 | D:7      | Noticed a manticore
  5138 | D:7      | HP: 3/64 [manticore (10)]
  5139 | D:7      | Killed a manticore
  5140 | D:7      | Reached skill level 14 in Polearms
  5140 | D:7      | Reached XP level 9. HP: 3/70 MP: 8/8
  5528 | D:7      | Found Jekkut's One-of-a-Kind Rings.
  5667 | D:7      | Found a glowing golden altar of the Shining One.
  6001 | D:7      | Reached skill level 15 in Polearms
  6066 | D:7      | Reached skill level 16 in Polearms
  6107 | D:7      | Noticed a manticore
  6126 | D:7      | Killed a manticore
  6471 | D:7      | Reached skill level 17 in Polearms
  6471 | D:7      | Reached XP level 10. HP: 56/77 MP: 9/9
  7003 | D:8      | Reached skill level 18 in Polearms
  7085 | D:8      | Noticed a two-headed ogre
  7090 | D:8      | Killed a two-headed ogre
  7241 | D:8      | Found a staircase to the Lair.
  7312 | D:8      | Reached skill level 19 in Polearms
  7384 | D:8      | Identified the +1 scale mail of Surprise {rElec}
  7397 | D:8      | Reached **** piety under Trog
  7580 | D:8      | Found a burning altar of Makhleb.
  7680 | D:8      | Reached XP level 11. HP: 82/82 MP: 10/10
  7836 | D:9      | Noticed a two-headed ogre
  7853 | D:9      | Killed a two-headed ogre
  7854 | D:9      | Reached skill level 20 in Polearms
  7967 | D:9      | Found a staircase to the Orcish Mines.
  7968 | D:9      | Identified the ring of Ephemeral Luck {rF- Str+6 Dex+6
                  | Stlth+}
  8142 | D:9      | Noticed a two-headed ogre
  8151 | D:9      | Killed a two-headed ogre
  8152 | D:9      | Reached skill level 5 in Armour
  8431 | D:10     | Entered Level 10 of the Dungeon
  8437 | D:10     | Identified the amulet "Mixip" {Acrobat Int+4}
  8547 | D:10     | Reached skill level 5 in Fighting
  9102 | D:10     | Found Maruecac's Antique Armour Shoppe.
 10679 | Lair:1   | Entered Level 1 of the Lair of Beasts
 10680 | Lair:1   | Noticed a catoblepas
 10691 | Lair:1   | Noticed an eight-headed hydra
 10708 | Lair:1   | HP: 3/92 [komodo dragon (10)]
 10709 | Lair:1   | HP: 1/92 [cane toad (4)]
 10713 | Lair:1   | Demolished by a komodo dragon

Illustrated notes

Levels and vault maps discovered:
D:1:      minmay_arrival_jagged, layout_loops_ring, amcnicky_mini_pool_small,
          grunt_decor_clamped
D:2:      layout_basic, ebering_ecumenical_altar_webs, uniq_crazy_yiuf_cottage
D:3:      layout_rooms, uniq_terence
D:4:      minmay_angry_zag, layout_gridville, nicolae_overflow_squiral,
          uniq_grinder, uniq_edmund
D:6:      layout_basic, minmay_temple_entry_drinking_statues, serial_undead,
          serial_undead_c, serial_undead_e, serial_undead_c, serial_undead_d,
          serial_undead_e, serial_undead_c, st_stairs_13
D:7:      kennysheep_windowed_halls, layout_basic,
          nicolae_tso_swordbearing_angel, nicolae_shop_unique_rings
D:8:      minmay_bubble_buster, layout_basic, bloody_makhleb,
          minmay_lair_entry_grove
D:9:      layout_basic, orc_0_dummy, hangedman_abyss_or_decor_clamps
D:10:     layout_long_grid, serial_shops, shop
D:11:     layout_long_grid, nicolae_straight_to_the_point
Lair:1:   layout_cave_shapes, grunt_megastairs_5, uniq_amaemon

Skill      XL: |  1  2  3  4  5  6  7  8  9 10 11 |
---------------+----------------------------------+-----
Polearms       | 4 5 6 7 8 9 11 14 17 19 20 | 20.0
Armour         | 9 |  9.7
Fighting       | 7 |  7.5
Dodging        | |  2.1

Action                   |  1- 3 |  4- 6 |  7- 9 | 10-12 || total
-------------------------+-------+-------+-------+-------++-------
Melee: Spear             |   123 |   114 |   196 |   264 ||   697
       Headbutt          |     9 |    24 |    46 |    77 ||   156
       Halberd           |       |       |   110 |     3 ||   113
       Punch             |       |       |     1 |     6 ||     7
       Glaive            |       |       |       |   153 ||   153
Invok: Berserk           |     1 |     3 |     4 |     9 ||    17
       Trog's Hand       |       |     1 |     4 |     5 ||    10
  Use: Scroll            |       |       |    11 |    11 ||    22
       Potion            |       |       |     3 |     3 ||     6
 Stab: Sleeping          |     2 |     1 |       |       ||     3
       Petrified         |       |       |       |     1 ||     1
Armor: Animal skin       |    24 |     4 |       |       ||    28
       Scale mail        |       |    19 |    63 |   108 ||   190
       Plate armour      |       |       |    26 |    52 ||    78
Dodge: Dodged            |    45 |    44 |    70 |    97 ||   256
Block: Other             |       |     1 |    53 |    57 ||   111
       Reflection        |       |       |     1 |     3 ||     4
       Kite shield       |       |       |       |     5 ||     5
